 Dungeon Crawl Stone Soup version 0.22-a0-21-g9421e3f (webtiles) character file.

46 KristoblXynda the Chopper (level 3, -2/32 HPs)
             Began as a Naga Skald on Jan 2, 2018.
             Slain by a gnoll
             ... wielding a +0 spear
              (4 damage)
             ... on level 2 of the Dungeon.
             The game lasted 00:02:12 (1480 turns).

KristoblXynda the Chopper (Naga Skald)              Turns: 1480, Time: 00:02:13

Health: -2/32      AC:  2    Str: 14    XL:     3   Next: 68%
Magic:  6/6        EV:  5    Int: 13    God:
Gold:   66         SH:  0    Dex: 10    Spells: 5/6 levels left

rFire    . . .     SeeInvis +   a - +0 hand axe
rCold    . . .     Gourm    .   (no shield)
rNeg     . . .     Faith    .   b - +0 leather armour
rPois    +         Spirit   .   (no helmet)
rElec    .         Reflect  .   (no cloak)
rCorr    .         Harm     .   (no gloves)
MR       .....                  (no barding)
Stlth    +.........             (no amulet)
HPRegen  0.10/turn              (no ring)
MPRegen  0.10/turn              (no ring)

@: held, very slow
A: large, see invisible, deformed body, poison resistance, slowness 2, slow
metabolism 1, spit poison 1, AC +1
a: Spit Poison


You were on level 2 of the Dungeon.
You were hungry.

You visited 1 branch of the dungeon, and saw 2 of its levels.

You collected 66 gold pieces.

Inventory:

Hand Weapons
 a - a +0 hand axe (weapon)
Armour
 b - a +0 leather armour (worn)
Jewellery
 e - an uncursed amulet of faith
Scrolls
 g - a scroll of magic mapping {unknown}
 h - a scroll of blinking {unknown}
 i - a scroll of noise {unknown}
 k - a scroll of teleportation {unknown}
Books
 c - a book of Battle

   Spells                             Type                      Level
   a - Infusion                       Charms                       1
   b - Shroud of Golubria             Charms/Translocation         2
   c - Song of Slaying                Charms                       2
   d - Spectral Weapon                Hexes/Charms                 3
   e - Regeneration                   Charms/Necromancy            3
 f - a book of Necromancy

   Spells                             Type                      Level
   a - Pain                           Necromancy                   1
   b - Animate Skeleton               Necromancy                   1
   c - Vampiric Draining              Necromancy                   3
   d - Regeneration                   Charms/Necromancy            3
   e - Animate Dead                   Necromancy                   4
   f - Borgnjor's Vile Clutch         Necromancy/Earth             5
Comestibles
 d - 2 rations


   Skills:
 - Level 2.0 Fighting
 * Level 3.1 Axes
 + Level 1.4 Armour
 + Level 2.1 Dodging
 - Level 2.0 Spellcasting
 - Level 3.0 Charms


You had 5 spell levels left.
You knew the following spells:

 Your Spells              Type           Power        Failure   Level  Hunger
a - Infusion              Chrm           #...         9%          1    ##.....


Dungeon Overview and Level Annotations

Branches:
Dungeon (2/15)

Altars:


Innate Abilities, Weirdness & Mutations

You cannot wear boots.
Your serpentine skin is tough. (AC +1)
You have supernaturally acute eyesight. (SInv)
Armour fits poorly on your strangely shaped body.
Your system is resistant to poisons. (rPois)
You cover ground very slowly.
You have a slow metabolism.
You can spit poison.


Message History

You struggle against the net.
The gnoll hits you with a flail.
You shred the net and break free! The gnoll hits you with a flail!
* * * LOW HITPOINT WARNING * * *
Okay, then.
You aren't carrying any potions.
Unknown command.
A gnoll comes into view. It is wielding a spear.
You have got your breath back.
The gnoll shouts!
You hear a shout!
The gnoll throws a throwing net.
The throwing net barely misses you.
The gnoll throws a throwing net.
The throwing net hits you.
You become entangled in the net!
You see here a throwing net.
As you read the scroll labeled JUOFOSHRIMU, it crumbles to dust.
It is a scroll of identify.
e - an uncursed amulet of faith
As you read the scroll labeled VIYBEHU PYRCHEPH, it crumbles to dust.
You feel blessed for a moment.
It was a scroll of remove curse.
The gnoll hits you from afar with a spear.
You die...

#.....## #.....#
.<.....######..#####
........####.......###
........+.............
........####...###.###
.......## #.....# #
#.>...## #.###g#
##...## #. #.# ##'##
#.###@#.# ###)#
#...g.(># .##.#
#####.### .##.## #.#
.#...## #.# ......#
#.# .#...## #.# )##.##
#.# .####.. .#


You could see 2 gnolls.

Vanquished Creatures
  An adder (D:2)
  An ooze (D:1)
  3 worms (D:2)
  2 bats
  3 goblins
  6 hobgoblins
  3 jackals (D:1)
  A frilled lizard (D:1)
  A kobold (D:1)
  A rat (D:1)
22 creatures vanquished.

Notes
Turn   | Place    | Note
-------+----------+-------------------------------------------
     0 | D:1      | KristoblXynda the Naga Skald began the quest for the Orb.
     0 | D:1      | Reached XP level 1. HP: 19/19 MP: 3/3
    41 | D:1      | Reached skill level 1 in Armour
   376 | D:1      | Reached XP level 2. HP: 26/26 MP: 5/5
  1037 | D:2      | Reached XP level 3. HP: 20/32 MP: 6/6
  1480 | D:2      | Slain by a gnoll

Vault maps used:
D:1:      dpeg_arrival_houses_and_road, dk_noncrumbling_4
D:2:      minmay_diamond_boxcup

Skill      XL: |  1  2  3 |
---------------+----------+-----
Armour         | 1 |  1.4
Dodging        | 2 |  2.1
Axes           | 3 |  3.1
Fighting       | |  2.0
Spellcasting   | |  2.0
Charms         | |  3.0

Action                   || total
-------------------------++-------
Melee: Hand axe          ||    60
 Abil: Spit Poison       ||    17
  Use: Potion            ||     2
       Scroll            ||     2
  Eat: Chunk             ||     1
Armor: Leather armour    ||    23
Dodge: Dodged            ||    38

Table legend:
 A = Spawn XP
 B = Non-spawn XP
 C = Spawn XP percentage of total XP
 D = Spawn monster count
 E = Non-spawn monster count
 F = Spawn count percentage of total count
 G = Total turns spent on level
                    A         B        C        D         E        F      G
               +---------+---------+-------+---------+---------+-------+---------
         Total |       0 |      67 |   0.0 |       0 |      22 |   0.0 |  1480
               +---------+---------+-------+---------+---------+-------+---------
           D:1 |       0 |      28 |   0.0 |       0 |      13 |   0.0 |   990
           D:2 |       0 |      39 |   0.0 |       0 |       9 |   0.0 |   490
               +---------+---------+-------+---------+---------+-------+---------
